 Dungeon Crawl Stone Soup version 0.19.0-18-g426998a (webtiles) character file.

140 dracos369 the Conjurer (level 5, -1/38 HPs)
             Began as a Draconian Wizard on Nov 11, 2016.
             Slain by an orc
             ... wielding a +0 flail
              (6 damage)
             ... on level 3 of the Dungeon.
             The game lasted 00:09:37 (2576 turns).

dracos369 the Conjurer (Draconian Wizard)           Turns: 2576, Time: 00:09:37

Health: -1/38      AC:  5    Str:  9    XL:     5   Next: 2%
Magic:  1/9        EV: 12    Int: 20    God:
Gold:   98         SH:  0    Dex:  9    Spells: 4 memorised, 2 levels left

rFire  . . .     SeeInvis .     e - +0 short sword
rCold  . . .     Gourm    .     (armour unavailable)
rNeg   . . .     Faith    .     (no shield)
rPois  .         Spirit   .     a - +0 hat
rElec  .         Reflect  .     (no cloak)
rCorr  .         Harm     .     (no gloves)
MR     .....                    (no boots)
Stlth  ++........               (no amulet)
                                (no ring)
                                (no ring)

@: slowed, very slow
A: unfitting armour, cold-blooded, AC +5
a: no special abilities


You were on level 3 of the Dungeon.
You were not hungry.

You visited 1 branch of the dungeon, and saw 3 of its levels.

You collected 98 gold pieces.

Inventory:

Hand Weapons
 e - a +0 short sword (weapon)
Missiles
 k - a throwing net (quivered)
Armour
 a - a +0 hat (worn)
Scrolls
 d - a scroll of enchant armour {unknown}
 g - 2 scrolls of immolation {unknown}
 h - a scroll of recharging {unknown}
 i - a scroll of enchant weapon {unknown}
 j - a scroll of fear {unknown}
 l - a scroll of identify {unknown}
 m - a scroll of teleportation {unknown}
Books
 b - a book of Minor Magic

   Spells                             Type                      Level
   a - Magic Dart                     Conjuration                  1
   b - Blink                          Translocation                2
   c - Call Imp                       Summoning                    2
   d - Repel Missiles                 Charms/Air                   2
   e - Slow                           Hexes                        2
   f - Conjure Flame                  Conjuration/Fire             3
   g - Mephitic Cloud                 Conjuration/Poison/Air       3
Comestibles
 c - 2 bread rations
 n - a meat ration


   Skills:
 - Level 1.7 Dodging
 - Level 1.7 Stealth
 - Level 3.0 Spellcasting
 + Level 4.9 Conjurations
   Level 1.0 Summonings
 - Level 1.0 Translocations


You had 2 spell levels left.
You knew the following spells:

 Your Spells              Type           Power        Failure   Level  Hunger
a - Magic Dart            Conj           ###.         1%          1    None
b - Blink                 Tloc           N/A          17%         2    ##.....
c - Conjure Flame         Conj/Fire      ##......     17%         3    ###....
u - Repel Missiles        Chrm/Air       #.....       24%         2    ##.....


Dungeon Overview and Level Annotations

Branches:
Dungeon (3/15)

Altars:


Innate Abilities, Weirdness & Mutations

Your plain brown scales are hard. (AC +5)
You cannot fit into any form of body armour.
You are cold-blooded and may be slowed by cold attacks.


Message History

Aim: an orc, wielding a club and carrying a wand of slowing {zapped: 3} (moderately wounded)
The magic dart hits the orc.
You kill the orc!
Casting: Magic Dart
Confirm with . or Enter, or press ? or * to list all spells.
Aiming: Magic Dart
Press: ? - help, Shift-Dir - straight line, f - orc
Aim: an orc, wielding a flail and wearing a chain mail The magic dart hits the orc.
The orc is lightly wounded.
The orc completely misses you.
Casting: Magic Dart
Confirm with . or Enter, or press ? or * to list all spells.
Aiming: Magic Dart
Press: ? - help, Shift-Dir - straight line, f/p - orc
Aim: an orc, wielding a flail and wearing a chain mail (lightly wounded)
The magic dart hits the orc.
The orc is lightly wounded.
The orc hits you with a flail.
You die...

##### # ...# #.
#####.######## .#
#.....o......#
....###.###.##.## #. #.
#.##......####
#..#.#####.#..)o......?
.#..........##..@.#.##.
.........######.##.##
#..#####.# #.# ## #..#
#.# #.# #..### #.# #+#
#....# #.# #.##.###.#
#.##..##.# .........##


You could see an orc.

Vanquished Creatures
  An orc priest (D:3)
  Natasha (D:3)
  A worker ant (D:3)
  An adder (D:2)
  A worm (D:3)
  A dart slug (D:2)
  2 leopard geckos
  An orc (D:3)
  3 giant cockroaches
  10 hobgoblins
  A quokka (D:2)
  4 bats
  2 frilled lizards
  2 goblins (D:1)
  12 kobolds
  4 rats (D:1)
47 creatures vanquished.

Notes
Turn   | Place    | Note
-------+----------+-------------------------------------------
     0 | D:1      | dracos369 the Draconian Wizard began the quest for the Orb.
     0 | D:1      | Reached XP level 1. HP: 14/14 MP: 4/4
   447 | D:1      | Reached skill level 2 in Conjurations
   512 | D:1      | Reached XP level 2. HP: 16/20 MP: 1/6
   819 | D:1      | Learned a level 2 spell: Repel Missiles
  1205 | D:1      | Reached skill level 3 in Conjurations
  1205 | D:1      | Reached XP level 3. HP: 19/26 MP: 3/7
  1453 | D:2      | Learned a level 2 spell: Blink
  1457 | D:2      | Learned a level 3 spell: Conjure Flame
  2104 | D:3      | Noticed Natasha
  2109 | D:3      | Killed Natasha
  2109 | D:3      | Reached skill level 4 in Conjurations
  2109 | D:3      | Reached XP level 4. HP: 33/33 MP: 3/8
  2573 | D:3      | Reached XP level 5. HP: 4/38 MP: 3/9
  2576 | D:3      | Slain by an orc

Skill      XL: |  1  2  3 |
---------------+----------+-----
Conjurations   | 2 3 4 |  4.9
Dodging        | |  1.7
Stealth        | |  1.7
Spellcasting   | |  3.0
Summonings     | |  1.0
Translocations | |  1.0

Action                   |  1- 3 |  4- 6 || total
-------------------------+-------+-------++-------
Melee: Club              |    19 |       ||    19
       Dagger            |    21 |       ||    21
       Short sword       |    40 |     5 ||    45
       Tailslap          |     5 |       ||     5
       Whip              |     1 |       ||     1
 Cast: Magic Dart        |    87 |    27 ||   114
       Repel Missiles    |     1 |       ||     1
 Stab: Sleeping          |     3 |       ||     3
  Eat: Chunk             |     4 |     1 ||     5
Armor: Skin              |    30 |     2 ||    32
Dodge: Dodged            |    66 |    10 ||    76
       Deflected         |     1 |       ||     1
